 Dungeon Crawl Stone Soup version 0.29-a0-885-gb26ba3297d (webtiles) character file.

Game seed: 13104953664069658735

2545 dolemite99 the Cleaver (level 9, -6/64 HPs)
             Began as a Formicid Fighter on July 21, 2022.
             Was an Elder of Trog.
             Mangled by Duvessa
             ... wielding a +1 short sword of venom
              (8 damage)
             ... on level 7 of the Dungeon.
             The game lasted 00:08:02 (7423 turns).

dolemite99 the Cleaver (Formicid Fighter)           Turns: 7423, Time: 00:08:02

Health: -6/64      AC: 15    Str: 25    XL:     9   Next: 85%
Magic:  9/9        EV:  6    Int:  8    God:    Trog [****..]
Gold:   369        SH:  5    Dex: 13    Spells: 8/8 levels left

rFire   . . .      SeeInvis +   a - +1 war axe
rCold   . . .      Faith    .   c - +0 buckler
rNeg    . . .      Spirit   .   F - +0 plate armour
rPois   .          Reflect  .   (helmet unavailable)
rElec   .          Harm     .   z - +0 cloak
rCorr   .          Rampage  .   E - +2 pair of gloves
Will    ++...                   (no boots)
Stlth   ..........              A - amulet of regeneration
HPRegen 2.00/turn               (no ring)
MPRegen 0.11/turn               (no ring)

@: lethally poisoned (-6 -> -43), strong-willed (expiring), regenerating
(expiring)
A: permanent stasis, dig shafts and tunnels, antennae 3, four strong arms
a: Dig, Shaft Self, Renounce Religion, Trog's Hand, Brothers in Arms


You were on level 7 of the Dungeon.
You worshipped Trog.
Trog was greatly pleased with you.
You visited 1 branch of the dungeon, and saw 7 of its levels.
You also visited: Ossuary.

You collected 369 gold pieces.

Inventory:

Hand Weapons
 a - a +1 war axe (weapon)
 s - the +11 hammer "Faat" {protect, rF- rC++ Will+ Str+3}
   (You found it on level 4 of the Dungeon)

   It grants its wielder temporary protection when it strikes (+7 to AC).
   Str:       It affects your strength (+3).
   rF:        It makes you vulnerable to fire.
   rC:        It greatly protects you from cold.
   Will:      It increases your willpower.
Missiles
 u - a throwing net
 v - 5 atropa-tipped darts
 x - 13 poisoned darts
Armour
 c - a +0 buckler (worn)
 j - a +0 pair of gloves
 p - a +0 chain mail
 z - a +0 cloak (worn)
 E - a +2 pair of gloves (worn)
 F - a +0 plate armour (worn)
Jewellery
 l - a ring of flight
 A - an amulet of regeneration (around neck)
 J - a ring of wizardry
Wands
 b - a wand of flame (11)
 y - a wand of polymorph (8)
 B - a wand of light (17)
Scrolls
 f - 6 scrolls of teleportation
 h - a scroll of magic mapping
 k - a scroll of blinking
 m - 2 scrolls of fog
 H - a scroll of noise {unknown}
 I - a scroll of immolation {unknown}
Potions
 d - 3 potions of might
 e - 2 potions of ambrosia {unknown}
 g - 4 potions of brilliance
 i - a potion of flight
 n - 8 potions of curing
 o - a potion of heal wounds
 q - a potion of lignification {unknown}
 r - a potion of berserk rage {unknown}
 t - 3 potions of attraction {unknown}
 w - a potion of mutation {unknown}
 C - 2 potions of degeneration {unknown}
 D - a potion of haste {unknown}
 G - a potion of resistance {unknown}


   Skills:
 - Level 3.2 Fighting
 + Level 12.7 Axes
 - Level 3.2 Armour
 - Level 4.0 Shields


You had 8 spell levels left.
You didn't know any spells.
Your spell library contained the following spells:

 Spells                   Type           Power      Damage    Failure   Level
 Dazzling Flash           Conj/Hex       0%         N/A       100%        3
 Iskenderun's Mystic Bla  Conj/Tloc      0%         2d3       100%        4
 Starburst                Conj/Fire      0%         6d3       100%        6


Dungeon Overview and Level Annotations

Branches:
Dungeon (7/15)             Temple (0/1) D:4         Ossuary (visited)

Altars:
Trog

Annotations:
D:7 Duvessa


Innate Abilities, Weirdness & Mutations

You cannot be hasted, slowed, berserked, paralysed or teleported.
You can dig through walls and to a lower floor.
You have a pair of large antennae on your head. (SInv)
Your four strong arms can wield two-handed weapons with a shield.


Message History

No target in view!
No target in view!
Things that are here:
a +0 dagger; a +0 robe Duvessa, Sister of Dowan comes into view.
She is wielding a +1 short sword of venom and wearing a +2 leather armour of poison resistance.
Duvessa shouts!
Duvessa goes berserk!
You slash Duvessa!
Duvessa is lightly wounded.
Duvessa hits you with a +1 short sword of venom!
You are poisoned.
You hit Duvessa but do no damage.
Duvessa is lightly wounded.
You feel very sick.
Duvessa hits you with a +1 short sword of venom.
You are more poisoned.
You block Duvessa's attack.
You hit Duvessa.
Duvessa is moderately wounded.
You feel very sick.
Duvessa hits you with a +1 short sword of venom.
You are more poisoned.
You are too injured to fight recklessly!
You slash Duvessa!
Duvessa is heavily wounded.
You feel the effects of Trog's Hand fading.
You feel extremely sick.
Duvessa hits you with a +1 short sword of venom!
* * * LOW HITPOINT WARNING * * *
You are lethally poisoned!
Okay, then.
Okay, then.
Are you sure you want to shaft yourself?
* * * LOW HITPOINT WARNING * * *
You feel extremely sick.
Duvessa hits you with a +1 short sword of venom!
* * * LOW HITPOINT WARNING * * *
You are more poisoned.
Duvessa hits you with a +1 short sword of venom!
You die...

,* #.##.#########..#.# *
,*####.##.##### #..#.# *
,,...........)# #..#.# *
**###..##.###.# #(.#.# *
,{..{..##.# #.########## *** *
**###..##.#####...#...# **,** *
*
***,,*#....##.##)##.#***,*,****
*
*,,,,*####...##e##,*#_*,*,,,,,,
* *,*,,* #####@##{**,****,**,**
*
*,*,,*******#..#**,,**,,,,,,,,,
*
*,*,,,,,,,,,####*****,,**,**,**
*
*,*********,,,{,,,,,,,*,*,*,**
* *,* *,,,,,,,{,,,,,,,,** * *,*
**,**,*****,***,** * *,*
***,**,* *,* *** *,* *,{,,,,*
*,* *,********,,,,,,* *,*


You could see Duvessa (berserk).

Vanquished Creatures
  3 water moccasins
  A black bear (D:6)
  An orc warrior (D:7)
  2 ice beasts
  A centaur (D:6)
  A kobold brigand (D:7)
  3 elf zombies (Ossuary)
  2 bullfrogs (D:6)
  2 scorpions (D:4)
  Dowan (D:7)
  2 centaur zombies (Ossuary)
  2 human zombies (Ossuary)
  Crazy Yiuf (D:4)
  A jelly (D:6)
  A gnoll bouda (D:7)
  2 hounds (D:5)
  Ijyb (D:5)
  3 iguanas
  4 orc wizards
  2 mummies (Ossuary)
  Robin (D:2)
  7 gnolls
  8 adders
  An adder zombie (Ossuary)
  2 worms
  2 dart slugs
  22 orcs
  7 bats
  5 endoplasms
  5 giant cockroaches
  23 goblins
  10 hobgoblins
  11 kobolds
  4 quokkas
  9 ball pythons
  7 frilled lizards
  A goblin zombie (Ossuary)
  11 hobgoblin zombies (Ossuary)
  A jackal zombie (Ossuary)
  4 kobold zombies (Ossuary)
  10 orc zombies (Ossuary)
  5 rats
  2 rat zombies (Ossuary)
194 creatures vanquished.

Vanquished Creatures (collateral kills)
  The ghost of buhh the Carver, a novice MeFi of Okawaru (D:5)
1 creature vanquished.

Vanquished Creatures (others)
  2 plants (D:1)
2 creatures vanquished.

Grand Total: 197 creatures vanquished

Notes
Turn   | Place    | Note
-------+----------+-------------------------------------------
     0 | D:1      | dolemite99 the Formicid Fighter began the quest for the
                  | Orb.
     0 | D:1      | Reached XP level 1. HP: 18/18 MP: 1/1
    44 | D:1      | Found a faded altar of an unknown god.
   368 | D:1      | Prayed at the altar of an unknown god.
   368 | D:1      | Became a worshipper of Trog the Wrathful
   368 | D:1      | Reached * piety under Trog
   499 | D:1      | Reached XP level 2. HP: 24/24 MP: 2/2
   710 | D:1      | Reached skill level 3 in Axes
   859 | D:1      | Reached XP level 3. HP: 28/29 MP: 3/3
  1315 | D:2      | Reached ** piety under Trog
  1716 | D:2      | Reached skill level 4 in Axes
  1716 | D:2      | Reached XP level 4. HP: 27/35 MP: 4/4
  2652 | D:3      | Noticed Robin
  2657 | D:3      | Reached XP level 5. HP: 36/41 MP: 5/5
  2673 | D:2      | Killed Robin
  2674 | D:2      | Reached skill level 5 in Axes
  3095 | D:3      | Reached *** piety under Trog
  3700 | D:4      | Reached XP level 6. HP: 43/47 MP: 6/6
  3847 | D:4      | Reached **** piety under Trog
  3848 | D:4      | Reached skill level 6 in Axes
  4544 | D:4      | Found a runed translucent door.
  4545 | D:4      | Noticed Crazy Yiuf
  4547 | D:4      | Identified the +11 hammer "Faat" {protect, rF- rC++ Will+
                  | Str+3}
  4552 | D:4      | Killed Crazy Yiuf
  4634 | D:4      | Reached skill level 7 in Axes
  4634 | D:4      | Reached XP level 7. HP: 52/52 MP: 7/7
  4780 | D:4      | Found a staircase to the Ecumenical Temple.
  4849 | D:5      | Entered Level 5 of the Dungeon
  5100 | D:5      | Found a runed translucent door.
  5107 | D:5      | Noticed buhh's ghost (novice MeFi)
  5338 | D:5      | Noticed a water moccasin
  5348 | D:5      | Killed a water moccasin
  5349 | D:5      | Reached skill level 8 in Axes
  5540 | D:5      | Noticed Ijyb
  5552 | D:5      | Killed Ijyb
  5661 | D:5      | Killed buhh's ghost
  5662 | D:5      | Reached skill level 9 in Axes
  5662 | D:5      | Reached XP level 8. HP: 50/58 MP: 8/8
  5991 | D:6      | Reached skill level 10 in Axes
  6169 | D:6      | Reached XP level 9. HP: 33/64 MP: 9/9
  6371 | D:6      | Reached skill level 11 in Axes
  6971 | D:7      | Found a sand-covered staircase.
  6979 | Ossuary  | Entered an ossuary
  7118 | Ossuary  | Reached skill level 12 in Axes
  7177 | Ossuary  | Reached ***** piety under Trog
  7401 | D:7      | Noticed Dowan
  7414 | D:7      | Killed Dowan
  7416 | D:7      | Noticed Duvessa
  7423 | D:7      | HP: 2/64 [Duvessa/+1 short sword of venom (9)]
  7423 | D:7      | Mangled by Duvessa

Illustrated notes

Levels and vault maps discovered:
D:1:      dpeg_arrival_rooms_c, layout_loops_ring,
          shapermc_ecumenical_altar_mp_highgroup, serial_bayou_ford_a,
          chequers_garden
D:2:      layout_loops_cross, kennysheep_big_empty_room, minmay_box_of_dots
D:3:      layout_basic, minmay_mini_jars, uniq_robin
D:4:      layout_loops_ring, minmay_temple_entry_nine_rooms,
          uniq_crazy_yiuf_cottage
D:5:      layout_rooms, ebering_ghost_reflecting_pool, uniq_ijyb
D:6:      layout_gridville
D:7:      layout_loops_ring, marbit_many_paths, serial_shops,
          nicolae_shop_window_shopping, enter_ossuary_2,
          chequers_serial_rivers_small_b, uniq_duvessa

Skill      XL: |  1  2  3  4  5  6  7  8  9 |
---------------+----------------------------+-----
Axes           | 3 4 5 7 9 10 12 | 12.7
Fighting       | |  3.2
Armour         | |  3.2
Shields        | |  4.0

Action                   |  1- 3 |  4- 6 |  7- 9 || total
-------------------------+-------+-------+-------++-------
Melee: War axe           |    83 |   185 |   285 ||   553
       Mace              |       |     2 |       ||     2
Invok: Trog's Hand       |       |       |     6 ||     6
       Brothers in Arms  |       |       |     1 ||     1
 Abil: Shaft Self        |       |       |     1 ||     1
  Use: Scroll            |       |    11 |     2 ||    13
Armor: Scale mail        |    46 |    12 |       ||    58
       Chain mail        |       |   118 |    82 ||   200
       Plate armour      |       |       |    58 ||    58
Dodge: Dodged            |    41 |    78 |    70 ||   189
Block: Buckler           |    26 |    53 |    56 ||   135

Table legend: (Time is in decaauts)
 A = Elapsed time spent in this place.
 B = Non-inter-level travel time spent in this place.
 C = Inter-level travel time spent in this place.
 D = Time resting spent in this place.
 E = Time spent auto-exploring this place.
 F = Levels seen in this place.
 G = Mean time per level.
                   A        B        C        D        E       F      G
               +--------+--------+--------+--------+--------+-----+--------+
         Total |   7518 |   7310 |    208 |   1502 |   4003 |   8 |  939.8 |
       Dungeon |   7274 |   7066 |    208 |   1497 |   3936 |   7 | 1039.1 |
       Ossuary |    243 |    243 |      0 |      5 |     67 |   1 |  243.0 |
               +--------+--------+--------+--------+--------+-----+--------+

Top non-repeatable levels by time:
     D:1: 1450 daAuts
     D:2: 1356 daAuts
     D:4: 1206 daAuts
     D:6: 1107 daAuts
     D:5: 968 daAuts
     D:3: 931 daAuts
     D:7: 254 daAuts
 Ossuary: 243 daAuts
